 Dungeon Crawl Stone Soup version 0.31-a0-1147-g46bab52692 (webtiles) character file.

Game seed: 8913854614477726343

116 Malachi the Trooper (level 4, 0/37 HPs)
             Began as a Demonspawn Gladiator on Dec 7, 2023.
             Slain by an adder (2 damage)
             ... on level 3 of the Dungeon.
             The game lasted 00:03:39 (1785 turns).

Malachi the Trooper (Demonspawn Gladiator)          Turns: 1785, Time: 00:03:39

Health: 0/37       AC:  6    Str: 15    XL:     4   Next: 69%
Magic:  4/4        EV: 12    Int:  8    God:
Gold:   117        SH:  0    Dex: 16    Spells: 3/3 levels left

rFire   . . .        b - +0 arbalest
rCold   . . .        (shield currently unavailable)
rNeg    . . .        i - +0 leather armour
rPois   .            c - +0 helmet
rElec   .            (no cloak)
rCorr   .            (no gloves)
SInv    .            (no boots)
Will    .....        (no amulet)
Stlth   +            (no ring)
HPRegen 0.26/turn    (no ring)
MPRegen 0.09/turn

%: no passive effects
@: lethally poisoned (0 -> -5)
A: thin metallic scales 1, powered by pain 1, weakness stinger 1
a: no special abilities


You were on level 3 of the Dungeon.
You visited 1 branch of the dungeon, and saw 3 of its levels.

You collected 117 gold pieces.

Inventory:

Hand Weapons
 a - a +0 long sword
 b - a +0 arbalest (weapon)
Missiles
 d - 3 throwing nets
 e - a javelin
Armour
 c - a +0 helmet (worn)
 i - a +0 leather armour (worn)
 j - a +0 ring mail
Scrolls
 k - a scroll of blinking
 l - 2 scrolls of enchant armour
Potions
 f - a potion of lignification


   Skills:
 + Level 3.8 Fighting
 - Level 3.2 Long Blades
 + Level 2.0 Ranged Weapons
 - Level 1.7 Throwing
 - Level 2.6 Dodging


You had 3 spell levels left.
You didn't know any spells.
Your spell library contained the following spells:

 Spells                   Type           Power      Damage    Failure   Level
 Ozocubu's Armour         Ice            0%         N/A       85%         3
 Ozocubu's Refrigeration  Ice            0%         4d7       100%        7


Dungeon Overview and Level Annotations

Branches:
Dungeon (3/15)

Altars:

Shops:
D:2 [

Annotations:
D:3 Natasha, Terence


Innate Abilities, Weirdness & Mutations

You are partially covered in thin metallic scales. (AC +2)
You sometimes gain a little power by taking damage.
You have a small tail.


Message History

Partly explored, can't reach some places.
You climb downwards.
The adder hisses angrily.
Terence shouts!
You hear an angry hiss.
You hear a shout!
There is a stone staircase leading up here.
Unknown command.
b - a +0 arbalest (weapon)
You shoot a bolt.
The bolt hits the adder but does no damage.
Natasha, Servant of Life and Death comes into view.
She is carrying a wand of flame.
You shoot a bolt. The bolt misses the adder.
The adder bites you.
You are poisoned.
The adder poisons you! The adder barely misses you.
You shoot a bolt. The bolt hits the adder.
The adder is lightly wounded.
You feel sick. The adder closely misses you.
Natasha mumbles some strange words.
Terence says, "How do you enjoy it?" The adder bites you but does no damage.
You shoot a bolt. The bolt closely misses the adder.
The bolt hits Terence but does no damage.
You feel sick.
You are no longer poisoned.
The adder bites you but does no damage.
Natasha wildly gestures.
Natasha shimmers violently.
The adder bites you.
You are poisoned.
The adder poisons you!
The cerulean imp hits you from afar with a +4 spear.
Terence hits you with a +0 falchion! The adder bites you.
Natasha zaps a wand.
The puff of flame misses you.
Unknown command.
You feel sick.
The cerulean imp hits you from afar with a +4 spear.
* * * LOW HITPOINT WARNING * * *
Terence hits you with a +0 falchion!
* * * LOW HITPOINT WARNING * * *
The adder bites you.
You die...

## # ..#
.# .#. #.
# .. .g
#.#.###.
#..5...
#h@S###.#
#..@....#
#########


You could see Terence, Natasha, a cerulean imp (summoned), an adder and a
hobgoblin.

Vanquished Creatures
  3 gnolls (D:2)
  2 adders (D:2)
  A worm (D:2)
  2 dart slugs (D:1)
  7 endoplasms
  2 giant cockroaches (D:1)
  4 goblins
  6 hobgoblins
  7 jackals
  6 kobolds
  2 quokkas (D:2)
  4 ball pythons
  5 bats
  3 frilled lizards
  4 rats
58 creatures vanquished.

Notes
Turn   | Place    | Note
-------+----------+-------------------------------------------
     0 | D:1      | Malachi the Demonspawn Gladiator began the quest for the
                  | Orb.
     0 | D:1      | Reached XP level 1. HP: 16/16 MP: 1/1
    49 | D:1      | Gained mutation: You sometimes gain a little power by
                  | taking damage. [demonic ancestry]
    49 | D:1      | Reached XP level 2. HP: 20/23 MP: 2/2
   271 | D:1      | Gained mutation: You are partially covered in thin metallic
                  | scales. (AC +2) [demonic ancestry]
   271 | D:1      | Reached XP level 3. HP: 27/28 MP: 3/3
   645 | D:2      | Reached skill level 1 in Ranged Weapons
   893 | D:2      | Gained mutation: You have a small tail. [demonic ancestry]
   893 | D:2      | Reached XP level 4. HP: 35/35 MP: 4/4
   975 | D:2      | Found Niroh's Armour Shop.
  1779 | D:3      | Noticed Terence
  1781 | D:3      | Noticed Natasha
  1785 | D:3      | Slain by an adder

Illustrated notes

Levels and vault maps discovered:
D:1:      erik_arrival_orb_chamber, layout_rooms, minmay_tetromino_s4
D:2:      layout_basic, serial_shops, shop, serial_forest,
          infiniplex_forest_lined_corner, infiniplex_forest_lined_3_way,
          infiniplex_forest_lined_3, infiniplex_forest_corner_1,
          infiniplex_forest_end_3, infiniplex_forest_end_2,
          infiniplex_forest_clump_small
D:3:      layout_basic, overflow_temple_1_default, nzn_hepliaklqana_mist_gate,
          minmay_surrounded, uniq_jessica, uniq_natasha, uniq_terence

Skill      XL: |  1  2  3  4 |
---------------+-------------+-----
Long Blades    | 3 |  3.2
Fighting       | 3 |  3.8
Ranged Weapons | 1 2 |  2.0
Throwing       | |  1.7
Dodging        | |  2.6

Action                     |  1- 3 |  4- 6 || total
---------------------------+-------+-------++-------
  Melee: Long sword        |    62 |   221 ||   283
         Tailslap          |       |    45 ||    45
         Punch             |       |     3 ||     3
   Fire: Arbalest          |    71 |    44 ||   115
    Use: Scroll            |       |     6 ||     6
         Potion            |       |     1 ||     1
 Armour: Leather armour    |    43 |    34 ||    77
         Chain mail        |    31 |       ||    31
         Ring mail         |     4 |       ||     4
  Dodge: Dodged            |    82 |    25 ||   107

Table legend: (Time is in decaauts)
 A = Elapsed time spent in this place.
 B = Non-inter-level travel time spent in this place.
 C = Inter-level travel time spent in this place.
 D = Time resting spent in this place.
 E = Time spent auto-exploring this place.
 F = Levels seen in this place.
 G = Mean time per level.
                   A        B        C        D        E       F      G
               +--------+--------+--------+--------+--------+-----+--------+
         Total |   1960 |   1850 |    110 |     39 |   1031 |   3 |  653.3 |
       Dungeon |   1960 |   1850 |    110 |     39 |   1031 |   3 |  653.3 |
               +--------+--------+--------+--------+--------+-----+--------+

Top non-repeatable levels by time:
     D:2: 1306 daAuts
     D:1: 646 daAuts
     D:3: 8 daAuts
